Map: [G8] NeoHumanity

Players

Reynor - Winner!

  • Race: Zerg Zerg
  • Spawn Location: 11:00

Cure

  • Race: Terran Terran
  • Spawn Location: 5:00

Event: Gamers8 2023

VOD

Have the link to the VOD?

Description

Time

  • Played on: Aug. 6, 2023, 3:22 p.m.
  • Length: 15:33

All games in this series

Show
View Real Time Build Order
Export as new Build Order

Reynor Zerg - Winner!

Build Orders: Hatch First, Lurkers 

Get SALT Encoding   

  12  0:00  Drone  
  13  0:12  Overlord  
  13  0:17  Drone  
  14  0:30  Drone x2  
  16  0:47  Hatchery  
  15  0:51  Drone  
  15  0:55  Drone  
  17  0:57  Drone  
  18  1:09  Extractor  
  17  1:12  Spawning Pool  
  17  1:16  Drone  
  17  1:19  Drone  
  18  1:27  Drone  
  19  1:38  Drone  
  20  1:50  Drone  
  21  1:59  Queen x2  
  21  2:00  Zergling x4  
  27  2:13  Hatchery  
  26  2:18  Overlord  
  26  2:21  Drone  
  27  2:25  Drone  
  27  2:29  Metabolic Boost  
  28  2:37  Drone x2  
  30  2:39  Drone  
  30  2:44  Overlord, Drone  
  32  2:51  Queen  
  32  2:54  Drone  
  32  2:57  Drone  
  36  3:03  Queen  
  38  3:05  Drone  
  38  3:08  Drone  
  38  3:11  Overlord  
  40  3:13  Drone  
  40  3:17  Drone x2  
  43  3:23  Overlord  
  43  3:26  Queen  
  45  3:29  Drone x2  
  45  3:33  Drone  
  48  3:36  Drone x2  
  48  3:41  Queen  
  50  3:44  Drone  
  50  3:46  Drone x2  
  55  3:49  Queen  
  55  3:54  Drone  
  58  3:57  Overlord  
  58  3:59  Drone x3  
  58  4:00  Drone  
  62  4:04  Queen  
  62  4:07  Overlord  
  62  4:08  Drone  
  65  4:12  Drone  
  65  4:13  Overlord  
  66  4:17  Drone x3  
  66  4:18  Drone  
  66  4:22  Overlord  
  70  4:24  Queen  
  70  4:29  Zergling x4  
  74  4:32  Zergling x2  
  74  4:33  Lair  
  74  4:35  Extractor, Drone  
  74  4:36  Drone  
  74  4:37  Drone  
  77  4:40  Overlord  
  77  4:43  Drone  
  77  4:45  Spore Crawler, Drone  
  79  4:46  Spore Crawler  
  79  4:47  Spore Crawler  
  79  4:49  Drone  
  77  4:53  Drone x2  
  77  4:55  Drone  
  80  5:02  Hatchery, Drone x2  
  80  5:06  Drone x2  
  84  5:07  Drone x2  
  84  5:08  Drone  
  85  5:14  Zergling x2  
  85  5:15  Overlord  
  85  5:17  Drone x4  
  85  5:18  Queen  
  85  5:19  Extractor  
  85  5:20  Extractor  
  90  5:24  Drone  
  90  5:25  Drone  
  93  5:28  Baneling Nest, Drone  
  93  5:31  Extractor  
  93  5:32  Extractor  
  93  5:33  Drone x2  
  93  5:34  Drone  
  93  5:36  Spire  
  93  5:37  Overlord  
  93  5:38  Drone x3  
  93  5:39  Drone  
  93  5:40  Drone  
  97  5:44  Overseer  
  97  5:45  Overlord  
  97  5:50  Drone  
  97  5:52  Overseer  
  97  5:54  Zergling x8  
  102  6:00  Overlord  
  102  6:01  Drone  
  102  6:03  Drone  
  102  6:04  Drone  
  105  6:06  Zergling x4  
  107  6:11  Drone x2  
  107  6:12  Spore Crawler, Drone  
  107  6:18  Overlord  
  106  6:21  Drone  
  107  6:32  Centrifugal Hooks  
  106  6:36  Drone x2  
  108  6:40  Spore Crawler, Zergling x2  
  108  6:41  Zergling x10  
  108  6:43  Hatchery  
  108  6:44  Zergling x4  
  108  6:45  Overlord  
  114  6:48  Mutalisk x7  
  114  6:50  Zergling x4  
  130  6:58  Zergling x6  
  130  7:01  Evolution Chamber  
  132  7:02  Evolution Chamber, Baneling x9  
  132  7:03  Drone  
  132  7:06  Drone x2  
  132  7:08  Overlord  
  134  7:10  Baneling x5  
  134  7:11  Zergling x12  
  134  7:14  Baneling x3  
  140  7:16  Zergling x8  
  142  7:26  Hatchery  
  141  7:30  Zerg Ground Armor Level 1, Zerg Melee Weapons Level 1  
  141  7:31  Zergling x8  
  145  7:41  Drone x5  
  145  7:43  Zerg Flyer Weapons Level 1  
  150  7:44  Overlord  
  150  7:49  Zergling x2  
  150  7:50  Overlord  
  151  7:51  Overlord  
  151  7:53  Overlord  
  151  8:00  Overlord  
  151  8:03  Drone x2  
  151  8:04  Drone x3  
  156  8:07  Mutalisk x2, Unknown  
  156  8:09  Overlord, Mutalisk  
  156  8:10  Mutalisk  
  163  8:15  Baneling x8  
  163  8:18  Mutalisk  
  165  8:20  Drone  
  165  8:22  Zergling x10  
  165  8:23  Zergling x2  
  165  8:26  Zergling x10  
  177  8:28  Hatchery  
  177  8:30  Zergling x8  
  177  8:31  Baneling x2  
  179  8:38  Zergling x12  
  183  8:44  Zergling x4  
  177  8:49  Mutalisk x3  
  177  8:52  Zergling x2  
  177  8:55  Zergling x6  
  187  9:02  Extractor  
  186  9:07  Mutalisk x4  
  186  9:09  Zergling x4  
  197  9:10  Zergling x6  
  196  9:20  Zergling x10  
  196  9:23  Zergling x8  
  200  9:25  Zerg Melee Weapons Level 2, Zerg Ground Armor Level 2  
  199  9:32  Zergling x2  
  199  9:33  Zergling x6  
  199  9:34  Zergling x4  
  187  9:39  Zergling x12  
  187  9:40  Zergling x4  
  187  9:42  Zerg Flyer Weapons Level 2  
  189  9:52  Mutalisk  
  189  9:53  Mutalisk x2  
  189  9:55  Drone x4  
  189  9:56  Drone  
  198  10:01  Mutalisk  
  200  10:10  Baneling x10  
  200  10:11  Infestation Pit  
  199  10:15  Drone  
  199  10:20  Pneumatized Carapace  
  200  10:32  Hatchery  
  200  10:34  Baneling x10  
  198  10:48  Zergling x10  
  198  10:49  Zergling x2  
  200  10:50  Hive  
  200  10:52  Hydralisk Den  
  200  10:53  Drone  
  200  11:01  Baneling  
  200  11:02  Overseer, Baneling x9  
  200  11:11  Burrow  
  200  11:14  Baneling x9  
  169  11:27  Zergling x16  
  169  11:28  Zergling x46  
  200  11:34  Lurker Den  
  200  11:35  Lurker Den  
  197  11:53  Baneling x14  
  192  11:56  Zergling x20  
  180  12:05  Zergling x40  
  178  12:17  Zergling x14  
  182  12:25  Mutalisk x4  
  182  12:26  Overseer  
  182  12:27  Baneling x15  
  182  12:28  Baneling x5  
  182  12:29  Zergling x18  
  195  12:37  Overlord x2  
  195  12:39  Overlord x2  
  195  12:42  Seismic Spines, Adaptive Talons  
  195  12:45  Overlord  
  181  12:53  Zergling x22  
  181  12:54  Zergling x16  
  181  12:56  Baneling x18  
  181  12:57  Extractor  
  191  12:59  Queen, Zergling x10  
  191  13:01  Baneling  
  191  13:02  Baneling x7, Zergling x2  
  194  13:08  Zergling x10  
  189  13:14  Hydralisk  
  189  13:15  Zergling x2  
  189  13:16  Baneling x6  
  189  13:18  Zergling x2, Hydralisk  
  189  13:19  Queen, Zergling x10  
  194  13:20  Zergling x4, Hydralisk  
  194  13:21  Zergling x2, Baneling x5  
  195  13:35  Queen  
  195  13:36  Zergling x14  
  193  13:48  Lurker, Hydralisk x3  
  184  13:55  Zergling x16  
  199  13:56  Adrenal Glands  
  196  14:04  Lurker  
  196  14:05  Lurker, Zergling x10  
  196  14:06  Zergling x16  
  194  14:11  Zergling x6  
  194  14:13  Queen  
  194  14:15  Zergling x10  
  185  14:19  Lurker x2, Hydralisk  
  185  14:20  Zergling x10  
  188  14:25  Zergling x6  
  188  14:30  Zergling x2, Hydralisk  
  188  14:31  Zergling x12  
  188  14:33  Baneling x8  
  182  14:42  Zergling x10  
  182  14:45  Hydralisk  
  177  14:46  Zergling x6  
  172  14:59  Zergling x18  
  181  15:06  Zergling x6, Hydralisk  
Show
View Real Time Build Order
Export as new Build Order

Cure Terran 

Build Orders: Reaper Expand, Hellion Banshee 

Get SALT Encoding   

  12  0:00  SCV  
  13  0:12  SCV  
  14  0:16  Supply Depot  
  14  0:24  SCV  
  15  0:38  SCV  
  15  0:40  Barracks  
  16  0:42  Refinery  
  16  0:50  SCV  
  17  1:02  SCV  
  18  1:14  SCV  
  19  1:26  Reaper  
  19  1:27  Orbital Command  
  20  1:39  Command Center  
  20  1:46  Supply Depot  
  20  1:52  SCV  
  21  1:58  Marine  
  22  2:04  SCV  
  23  2:09  Factory  
  23  2:16  Marine  
  23  2:17  SCV  
  25  2:29  SCV  
  26  2:37  Barracks Reactor  
  26  2:42  SCV  
  27  2:44  Command Center  
  27  2:51  Orbital Command  
  27  2:54  SCV  
  28  3:01  Starport  
  28  3:06  Refinery, SCV  
  29  3:17  SCV  
  29  3:19  Hellion x2  
  34  3:20  SCV  
  34  3:23  Barracks Tech Lab  
  35  3:29  SCV  
  35  3:32  SCV  
  37  3:41  Hellion x2, SCV  
  41  3:44  SCV  
  41  3:45  Banshee  
  46  3:54  Cloaking Field  
  46  3:56  SCV x2  
  46  3:57  Orbital Command  
  46  3:59  Barracks Tech Lab  
  48  4:08  SCV x2  
  48  4:09  Supply Depot  
  50  4:12  Hellion x2  
  54  4:21  Orbital Command  
  54  4:22  SCV x2  
  56  4:24  Marine  
  56  4:28  Banshee  
  60  4:31  Supply Depot  
  60  4:34  SCV x2  
  62  4:39  Stimpack  
  62  4:40  Barracks  
  62  4:43  Barracks  
  62  4:46  SCV x3  
  62  4:47  Marine  
  62  4:48  Factory Reactor  
  62  4:50  Refinery  
  62  4:51  Refinery  
  66  4:56  Supply Depot  
  66  4:58  SCV x3  
  68  5:05  Marine  
  68  5:06  Engineering Bay  
  69  5:08  Engineering Bay  
  69  5:10  SCV  
  69  5:11  SCV x2  
  72  5:22  Supply Depot  
  72  5:23  SCV x3  
  72  5:25  Marine, Starport Reactor  
  72  5:27  Barracks  
  76  5:30  Starport Reactor  
  76  5:32  Barracks  
  76  5:35  SCV x3  
  79  5:38  Terran Infantry Weapons Level 1  
  79  5:39  Terran Infantry Armor Level 1  
  79  5:42  Marine x2, Supply Depot  
  79  5:43  Marine  
  79  5:45  Supply Depot  
  79  5:47  Siege Tank  
  85  5:51  SCV x3  
  88  6:00  Marine x5  
  93  6:05  SCV x2, Armory, Supply Depot  
  93  6:07  SCV  
  96  6:13  Medivac x2  
  96  6:15  Barracks Reactor  
  100  6:20  SCV x3  
  100  6:22  Barracks Reactor, Supply Depot  
  103  6:27  Marine x5  
  103  6:31  Siege Tank  
  111  6:37  Supply Depot  
  111  6:38  Refinery x2  
  111  6:40  Supply Depot  
  111  6:45  SCV x3  
  114  6:47  Marine x4  
  114  6:51  Combat Shield, Missile Turret  
  114  6:53  Marine x2  
  120  7:02  Marine x3, Supply Depot  
  120  7:03  Supply Depot  
  120  7:05  Marine  
  124  7:12  Siege Tank  
  127  7:16  Marine x4  
  127  7:20  Missile Turret  
  131  7:24  Missile Turret  
  131  7:28  Marine x4  
  135  7:33  Marine  
  135  7:34  Marine x3  
  139  7:43  Medivac x2  
  146  7:44  Siege Tank  
  146  7:47  Terran Infantry Weapons Level 2, Terran Infantry Armor Level 2  
  146  7:53  Marine x4  
  146  7:55  Factory  
  150  8:00  Supply Depot x2  
  144  8:08  Marine x5  
  144  8:10  Drilling Claws  
  144  8:11  Marine  
  150  8:16  Medivac x2, Widow Mine  
  150  8:19  Command Center, Marine  
  156  8:21  Marine x2  
  156  8:26  Marine x2  
  161  8:29  Supply Depot x2  
  161  8:39  Marine x4  
  161  8:40  Marauder, Factory Reactor  
  167  8:46  Medivac x2  
  161  8:51  Barracks  
  161  8:53  Barracks x2  
  161  8:54  Thor  
  167  9:08  Sensor Tower  
  167  9:09  Supply Depot  
  167  9:16  Medivac x2, Marine x4  
  167  9:17  Marauder, Marine x2  
  161  9:25  Marine x2  
  161  9:28  Widow Mine x2  
  167  9:34  Marine x2  
  151  9:38  Marauder  
  151  9:39  Marine x3  
  151  9:40  Barracks Tech Lab x2  
  151  9:41  Barracks Tech Lab  
  139  9:54  Marine x2  
  139  9:55  Marine x3, Thor  
  139  9:56  Widow Mine x2  
  139  9:57  Marine  
  139  9:58  SCV x3  
  158  10:00  Marauder  
  158  10:13  Planetary Fortress  
  156  10:15  Marauder  
  156  10:20  Widow Mine x2  
  156  10:21  Marauder  
  163  10:22  Missile Turret  
  163  10:23  Missile Turret  
  163  10:26  Marauder x2, Marine, Missile Turret  
  168  10:30  Medivac  
  168  10:34  Medivac  
  172  10:38  Widow Mine  
  174  10:44  Marauder, Marine x6  
  174  10:45  Marauder  
  174  10:48  Marauder  
  174  10:49  Concussive Shells  
  186  10:52  Missile Turret x2  
  186  10:53  Missile Turret  
  186  10:54  Marauder, Marine x2  
  190  11:01  Missile Turret  
  190  11:02  Marine x3  
  193  11:06  Marauder  
  193  11:10  Missile Turret  
  195  11:11  Sensor Tower  
  195  11:13  Missile Turret  
  182  11:29  Marauder x4, Marine x7  
  182  11:30  Thor  
  199  11:38  Command Center  
  199  11:44  Marine  
  197  11:47  Marine x3  
  200  11:59  Engineering Bay  
  200  12:01  Engineering Bay  
  189  12:03  Marine  
  189  12:04  Marauder x3, Marine x5  
  189  12:05  Marine x2  
  197  12:13  Widow Mine  
  196  12:22  Marauder  
  192  12:25  SCV x2  
  192  12:29  Missile Turret  
  193  12:30  Missile Turret  
  193  12:31  Marauder x2, Marine  
  197  12:47  Orbital Command  
  197  12:49  Marine x8  
  197  12:50  Marauder, Widow Mine x2  
  197  12:51  Marauder  
  198  12:52  Widow Mine  
  198  12:53  Marauder x2  
  198  12:59  Orbital Command  
  194  13:07  Marine x3  
  194  13:11  Widow Mine  
  195  13:15  Widow Mine x2  
  193  13:22  Marauder, Marine x4  
  193  13:26  Missile Turret  
  188  13:44  Widow Mine x3  
  188  13:46  Marauder x2  
  191  13:58  Orbital Command  
  191  14:00  Marauder, Marine  
  196  14:05  Widow Mine  
  196  14:06  Widow Mine x2  
  171  14:19  Marauder, Marine x5  
  178  14:26  Marine x2  
  178  14:31  Marine  
  171  14:43  Marine, Widow Mine  
  171  14:52  Marine  
  139  14:53  Marauder  
  136  15:01  Marine x2  
  136  15:02  Marauder  
  136  15:06  Marine  
Tags
 
Add a new tag
Caveats
  • Supply blocks, unpowered buildings, or Contaminate may cause inaccurate times.
  • Supply counts are checked every 10 seconds.